 Dungeon Crawl Stone Soup version 0.29.1-1-gd02db6906a (webtiles) character file.

Game seed: 3542090614425301458

534 masschaos23 the Chopper (level 7, -1/60 HPs)
             Began as a Hill Orc Fighter on Sept 15, 2022.
             Was an Initiate of Beogh.
             Slain by Duvessa
             ... wielding a +0 short sword
              (15 damage)
             ... on level 5 of the Dungeon.
             The game lasted 00:09:28 (4144 turns).

masschaos23 the Chopper (Hill Orc Fighter)          Turns: 4144, Time: 00:09:28

Health: -1/60      AC:  7    Str: 21    XL:     7   Next: 25%
Magic:  7/7        EV: 10    Int:  8    God:    Beogh [......]
Gold:   232        SH:  4    Dex: 10    Spells: 6/6 levels left

rFire   + . .      SeeInvis .   a - +1 war axe
rCold   . . .      Faith    .   c - +0 buckler
rNeg    . . .      Spirit   .   q - +0 ring mail {rF+}
rPois   .          Reflect  .   (no helmet)
rElec   .          Harm     .   (no cloak)
rCorr   +          Rampage  .   p - +0 pair of gloves
Will    .....                   (no boots)
Stlth   ..........              (no amulet)
HPRegen 0.20/turn               j - ring of resist corrosion
MPRegen 0.10/turn               (no ring)

@: no status effects
A: no striking features
a: Renounce Religion


You were on level 5 of the Dungeon.
You worshipped Beogh.
Beogh was noncommittal.
You visited 1 branch of the dungeon, and saw 5 of its levels.

You collected 232 gold pieces.

Inventory:

Hand Weapons
 a - a +1 war axe (weapon)
 r - a +0 whip
Missiles
 l - 7 poisoned darts (quivered)
Armour
 b - a +0 scale mail
 c - a +0 buckler (worn)
 p - a +0 pair of gloves (worn)
 q - a +0 ring mail of fire resistance (worn)
Jewellery
 i - a ring of ice
 j - a ring of resist corrosion (left hand)
 k - a ring of wizardry
Wands
 v - a wand of charming (9)
 x - a wand of flame (11)
Scrolls
 f - a scroll of magic mapping
 g - 2 scrolls of blinking
 n - a scroll of immolation
 w - 3 scrolls of teleportation
 y - a scroll of vulnerability {unknown}
Potions
 d - a potion of might
 e - 2 potions of attraction
 m - 2 potions of flight
 o - a potion of ambrosia
 s - 2 potions of curing
 t - a potion of lignification
 u - a potion of brilliance {unknown}


   Skills:
 + Level 4.8 Fighting
 + Level 6.9 Axes
 + Level 5.5 Armour
 - Level 0.2 Dodging
 + Level 4.4 Shields


You had 6 spell levels left.
You didn't know any spells.
Your spell library contained the following spells:

 Spells                   Type           Power      Damage    Failure   Level
 Magic Dart               Conj           0%         1d3       65%         1
 Searing Ray              Conj           0%         2d4       80%         2
 Frozen Ramparts          Ice            0%         1d1       95%         3
 Fulminant Prism          Conj/Hex       0%         3d6       100%        4
 Ice Form                 Ice/Tmut       0%         N/A       100%        4
 Summon Ice Beast         Ice/Summ       0%         N/A       100%        4


Dungeon Overview and Level Annotations

Branches:
Dungeon (5/15)
 Temple: D:4-7

Altars:
Sif Muna

Annotations:
D:5 Duvessa


Message History

You are too injured to fight recklessly!
You hit Duvessa.
Duvessa is moderately wounded.
Duvessa hits you with a +0 short sword.
Throw: 8 darts (poison)
Press: ? - help, Q - select action, (/) - cycle Shift-Dir - straight line, f/p - Duvessa
Aim: Duvessa, wielding a +0 short sword and wearing a +0 leather armour (moderately wounded, berserk, poisoned, 61% to hit)
You throw a poisoned dart. The poisoned dart hits Duvessa.
Duvessa is moderately wounded.
Duvessa hits you with a +0 short sword. Duvessa hits you with a +0 short sword!
* * * LOW HITPOINT WARNING * * *
You slash Duvessa!
Duvessa is heavily wounded.
Duvessa hits you but does no damage. Duvessa hits you with a +0 short sword.
* * * LOW HITPOINT WARNING * * *
You feel better.
Duvessa looks more healthy.
Duvessa hits you with a +0 short sword!
* * * LOW HITPOINT WARNING * * *
You closely miss Duvessa.
Duvessa is heavily wounded.
Duvessa closely misses you. Duvessa hits you with a +0 short sword.
* * * LOW HITPOINT WARNING * * *
Blink to where?
Press: ? - help, Dir - move target, p - Duvessa
Okay, then.
Duvessa closely misses you. Duvessa hits you with a +0 short sword.
* * * LOW HITPOINT WARNING * * *
You see here Sif Muna's Precepts of Gusts.
You feel much better. Duvessa hits you with a +0 short sword!
* * * LOW HITPOINT WARNING * * *
You hit Duvessa.
Duvessa is severely wounded.
Duvessa hits you but does no damage. x2
You hit Duvessa.
Duvessa is severely wounded.
Duvessa barely misses you. Duvessa closely misses you.
You slash Duvessa!
Duvessa is almost dead.
Duvessa hits you with a +0 short sword!
You die...

#### ##..# ## #####.
##.@_###. .......
##..e.##..#######.
.....###...###......[....
#...##...###....<.......
.###...#..)#∩#...#.......l.
..........###.. #########$
##.....## ...# #.#..## ## #
#.##


You could see Duvessa (berserk).

Vanquished Creatures
  A water moccasin (D:5)
  2 scorpions
  Dowan (D:5)
  A jelly (D:4)
  2 hounds
  An iguana (D:4)
  Jessica (D:3)
  6 adders
  A worm (D:2)
  6 bats
  10 endoplasms
  A giant cockroach (D:3)
  6 goblins
  4 hobgoblins
  8 jackals
  5 quokkas
  7 ball pythons
  2 frilled lizards
  10 kobolds
  2 rats
77 creatures vanquished.

Vanquished Creatures (others)
  An iguana (D:4)
  An orc (D:4)
  A quokka (D:4)
3 creatures vanquished.

Grand Total: 80 creatures vanquished

Notes
Turn   | Place    | Note
-------+----------+-------------------------------------------
     0 | D:1      | masschaos23 the Hill Orc Fighter began the quest for the
                  | Orb.
     0 | D:1      | Reached XP level 1. HP: 19/19 MP: 1/1
   253 | D:1      | Reached XP level 2. HP: 18/27 MP: 2/2
   811 | D:1      | Reached XP level 3. HP: 33/33 MP: 3/3
   838 | D:1      | Reached skill level 3 in Axes
  2015 | D:3      | Noticed Jessica
  2018 | D:3      | Killed Jessica
  2019 | D:3      | Reached skill level 4 in Axes
  2019 | D:3      | Reached XP level 4. HP: 36/40 MP: 4/4
  2159 | D:3      | Found a faded altar of an unknown god.
  2313 | D:3      | Reached XP level 5. HP: 35/46 MP: 5/5
  2922 | D:4      | Became a worshipper of Beogh the Brigand
  3065 | D:4      | Reached skill level 5 in Axes
  3233 | D:5      | Entered Level 5 of the Dungeon
  3316 | D:4      | Reached XP level 6. HP: 39/53 MP: 6/6
  4007 | D:5      | Reached skill level 6 in Axes
  4011 | D:5      | Reached skill level 5 in Armour
  4079 | D:5      | Noticed a water moccasin
  4086 | D:5      | Killed a water moccasin
  4087 | D:5      | Reached XP level 7. HP: 45/60 MP: 7/7
  4115 | D:5      | Found a shimmering blue altar of Sif Muna.
  4115 | D:5      | Noticed Dowan
  4127 | D:5      | Killed Dowan
  4129 | D:5      | Noticed Duvessa
  4140 | D:5      | HP: 1/60 [Duvessa/+0 short sword (5)]
  4144 | D:5      | Slain by Duvessa

Illustrated notes

Levels and vault maps discovered:
D:1:      nzn_arrival_settlement, layout_loops_ring
D:2:      layout_basic, hangedman_decor_opposing
D:3:      layout_basic, basic_ecumenical_altar, uniq_jessica
D:4:      layout_loops_ring, grunt_ministairs_1, nicolae_figureground_sparkle
D:5:      layout_loops_ring, nzn_overflow_gifts_of_might_and_magic,
          xom_butterflies, uniq_duvessa

Skill      XL: |  1  2  3  4  5  6 |
---------------+-------------------+-----
Axes           | 4 5 6 |  6.9
Armour         | 4 5 |  5.5
Fighting       | 4 |  4.8
Shields        | 4 |  4.4
Dodging        | |  0.2

Action                   |  1- 3 |  4- 6 |  7- 9 || total
-------------------------+-------+-------+-------++-------
Melee: War axe           |   103 |   118 |    13 ||   234
Throw: Dart              |       |       |     6 ||     6
Invok: Convert to Beogh  |       |     1 |       ||     1
Evoke: Wand              |       |     2 |       ||     2
  Use: Scroll            |       |    14 |       ||    14
       Potion            |       |       |     2 ||     2
Armor: Scale mail        |    43 |       |       ||    43
       Ring mail         |    20 |    74 |     6 ||   100
Dodge: Dodged            |    73 |    60 |     9 ||   142
Block: Buckler           |    30 |    31 |     1 ||    62
